Map: Abiogenesis LE

Players

epilatnbyfyr

  • Race: Protoss Protoss
  • League: Silver
  • Spawn Location: 5:00

Kozzy - Winner!

  • Race: Protoss Protoss
  • League: Gold
  • Spawn Location: 11:00

VOD

Have the link to the VOD?

Description

Time

  • Played on: April 14, 2018, 6:02 p.m.
  • Length: 6:53
Show
View Real Time Build Order
Export as new Build Order

epilatnbyfyr Protoss 

Build Orders: Cannon Rush 

Get SALT Encoding   

  12  0:01  Probe  
  13  0:15  Pylon  
  13  0:18  Probe (Chrono Boost)  
  14  0:30  Probe (Chrono Boost)  
  15  0:36  Gateway  
  15  0:37  Probe (Chrono Boost)  
  16  0:52  Forge  
  16  0:54  Probe  
  17  1:06  Probe  
  17  1:07  Pylon  
  18  1:18  Probe  
  19  1:34  Photon Cannon  
  19  1:35  Photon Cannon  
  19  1:44  Gateway  
  19  1:48  Photon Cannon  
  19  2:18  Photon Cannon  
  18  2:31  Cybernetics Core  
  18  2:34  Probe (Chrono Boost)  
  18  2:36  Assimilator  
  19  2:40  Assimilator  
  19  2:41  Pylon  
  19  2:44  Probe (Chrono Boost)  
  20  2:49  Probe (Chrono Boost)  
  21  2:53  Nexus  
  21  2:57  Pylon  
  21  3:09  Shield Battery  
  21  3:11  Probe (Chrono Boost)  
  22  3:17  Photon Cannon  
  23  3:20  Probe (Chrono Boost)  
  23  3:24  Stalker  
  23  3:25  Probe (Chrono Boost)  
  23  3:26  Warp Gate (Chrono Boost)  
  26  3:38  Probe  
  27  3:54  Twilight Council  
  27  3:56  Gateway  
  27  4:00  Zealot  
  27  4:02  Probe  
  30  4:08  Probe  
  31  4:14  Probe  
  32  4:23  Pylon  
  32  4:26  Gateway  
  32  4:29  Charge (Chrono Boost)  
  32  4:34  Zealot  
  34  4:48  Zealot  
  36  5:01  Probe x2, Gateway  
  38  5:24  Stalker  
  38  5:25  Stalker  
  42  5:34  Zealot  
  44  5:47  Pylon  
  36  6:08  Zealot  
  36  6:09  Zealot x2  
  35  6:26  Gateway  
Show
View Real Time Build Order
Export as new Build Order

Kozzy Protoss - Winner!

Build Orders:  

Get SALT Encoding   

  12  0:01  Probe  
  13  0:13  Probe  
  14  0:18  Pylon  
  14  0:25  Probe  
  15  0:31  Assimilator  
  15  0:41  Gateway  
  15  0:45  Probe (Chrono Boost)  
  17  0:57  Probe (Chrono Boost)  
  17  1:05  Probe (Chrono Boost)  
  18  1:11  Probe  
  19  1:34  Zealot (Chrono Boost)  
  19  1:37  Pylon  
  21  1:48  Pylon  
  19  2:17  Probe, Zealot (Chrono Boost)  
  19  2:20  Cybernetics Core  
  22  2:29  Probe  
  23  2:31  Assimilator  
  23  2:42  Probe  
  23  2:43  Pylon  
  24  2:54  Probe  
  25  3:00  Twilight Council  
  25  3:01  Warp Gate  
  25  3:14  Twilight Council  
  25  3:19  Gateway  
  25  3:26  Shield Battery  
  25  3:33  Charge (Chrono Boost)  
  25  3:39  Zealot  
  27  3:54  Gateway  
  27  3:59  Gateway  
  27  4:12  Pylon  
  27  4:24  Forge  
  27  4:27  Pylon  
  27  4:50  Zealot x2  
  27  4:51  Zealot  
  33  4:56  Protoss Ground Weapons Level 1 (Chrono Boost)  
  33  5:00  Photon Cannon  
  33  5:28  Photon Cannon  
  33  5:32  Zealot x3  
  33  5:33  Zealot  
  41  5:54  Zealot x4  
  47  6:17  Zealot  
  47  6:18  Zealot x3  
Tags
 
Matchup
PvP
Spawn Locations
Cross Positions
Add a new tag
Caveats
  • Supply blocks, unpowered buildings, or Contaminate may cause inaccurate times.
  • Supply counts are checked every 10 seconds.